 Dungeon Crawl Stone Soup version 0.25.1-8-g42b30a86e7 (webtiles) character file.

Game seed: 1549214061441309578

28 Gabide the Skirmisher (level 3, -2/29 HPs)
             Began as a Human Abyssal Knight on Nov 30, 2020.
             Was a Follower of Lugonu.
             Slain by a worm (3 damage)
             ... on level 2 of the Dungeon.
             The game lasted 00:03:03 (1053 turns).

Gabide the Skirmisher (Human Abyssal Knight)        Turns: 1053, Time: 00:03:03

Health: -2/29      AC:  4    Str: 13    XL:     3   Next: 27%
Magic:  4/4        EV: 11    Int: 12    God:    Lugonu [*.....]
Gold:   140        SH:  0    Dex: 12    Spells: 2/2 levels left

rFire    . . .     SeeInvis .   a - +1 spear
rCold    . . .     Gourm    .   (no shield)
rNeg     . . .     Faith    .   b - +0 leather armour
rPois    .         Spirit   .   (no helmet)
rElec    .         Reflect  .   (no cloak)
rCorr    .         Harm     .   h - +0 pair of gloves
MR       .....                  (no boots)
Stlth    +.........             d - amulet of the acrobat
HPRegen  0.09/turn              (no ring)
MPRegen  0.09/turn              (no ring)

@: no status effects
A: no striking features
a: Depart the Abyss, Renounce Religion


You were on level 2 of the Dungeon.
You worshipped Lugonu.
Lugonu was aware of your devotion.
You were not hungry.

You visited 1 branch of the dungeon, and saw 2 of its levels.
You visited the Abyss 1 time.

You collected 140 gold pieces.

Inventory:

Hand Weapons
 a - a +1 spear (weapon)
Armour
 b - a +0 leather armour (worn)
 f - a cursed -1 chain mail
 h - a +0 pair of gloves (worn)
Jewellery
 d - an amulet of the acrobat (around neck)
Scrolls
 j - a scroll of teleportation
Potions
 e - a potion of degeneration {unknown}
 i - a potion of resistance {unknown}
 k - 2 potions of lignification {unknown}
Comestibles
 c - 7 rations


   Skills:
 + Level 3.5 Fighting
 * Level 2.4 Polearms
 + Level 2.1 Armour
 * Level 1.2 Dodging
 + Level 2.3 Invocations


You had 2 spell levels left.
You didn't know any spells.
Your spell library was empty.

Dungeon Overview and Level Annotations

Branches:
Dungeon (2/15)

Altars:
Xom
Yredelemnul


Message History

A hound comes into view.
The hound barks!
The hound barely misses you.
You hit the worm.
The worm is heavily wounded.
The hound barely misses you.
You hit the worm.
The worm is severely wounded.
The hound misses you. The worm bites you.
* * * LOW HITPOINT WARNING * * *
The hound bites you but does no damage.
You hit the worm.
The worm is severely wounded.
The hound closely misses you.
You hit the worm but do no damage.
The worm is severely wounded.
The hound bites you.
* * * LOW HITPOINT WARNING * * *
The worm bites you.
You die...

#. .. #.###### ### ### ##
#.#..#.# #.# #.# #.
#.#.#.#.#.#.#.#.#.#
#....###.###.###.## #.#
##..#.#.#.#.#.#.#.# #.#
#.w.#.#.#.#.#.#.#. #.#
#@################ #.# #h#
#.####.. ############
#####.##.######.......##.##
.#.##.........####.........#.##
.......<........('.........+...
.#.##.###.#...####.............
# #.##..# ##.......P.P.#
#..##.# ##......._..#


You could see a worm and a hound.

Vanquished Creatures
  A leopard gecko (D:1)
  2 bats
  A giant cockroach (D:1)
  7 goblins (D:1)
  3 hobgoblins (D:1)
  2 jackals (D:1)
  2 frilled lizards (D:1)
  3 kobolds
  3 rats (D:1)
24 creatures vanquished.

Notes
Turn   | Place    | Note
-------+----------+-------------------------------------------
     0 | Abyss:1  | Gabide the Human Abyssal Knight began the quest for the
                  | Orb.
     0 | Abyss:1  | Reached XP level 1. HP: 18/18 MP: 2/2
    57 | Abyss:1  | Noticed a tentacled starspawn
    58 | D:1      | Escaped the Abyss
   303 | D:1      | Reached XP level 2. HP: 24/24 MP: 3/3
   514 | D:1      | Found a shimmering altar of Xom.
   550 | D:1      | Reached * piety under Lugonu
   577 | D:1      | Reached XP level 3. HP: 29/29 MP: 4/4
   989 | D:2      | Found a basalt altar of Yredelemnul.
  1053 | D:2      | HP: 1/29 [hound (4)]
  1053 | D:2      | Slain by a worm

Illustrated notes

Levels and vault maps discovered:
D:1:      dpeg_arrival_court, layout_basic, minmay_misc_feat_nine_boxes,
          skrybe_limestone_x, xom_teletrap_fun
D:2:      layout_loops_corners, yredelemnul_altar_generic, serial_rivers,
          chequers_serial_rivers_micro_d, chequers_serial_rivers_small_b,
          chequers_serial_rivers_micro_b, chequers_serial_rivers_large_a,
          chequers_serial_rivers_room_b, chequers_serial_rivers_micro_c,
          roderic_roman_lattice, uniq_jessica

Action                   || total
-------------------------++-------
Melee: Spear             ||    68
Invok: Depart the Abyss  ||     1
  Use: Scroll            ||     5
Armor: Leather armour    ||    17
Dodge: Dodged            ||    29
